 Dungeon Crawl Stone Soup version 0.29-a0-234-g0dae59b3db (webtiles) character file.

Game seed: 1960594966293997420

390 Aksej the Cudgeller (level 6, 0/41 (49) HPs)
             Began as a Demonspawn Monk on Mar 3, 2022.
             Slain by Dowan
             ... wielding a +0 dagger of draining
              (1 damage)
             ... on level 4 of the Dungeon.
             The game lasted 00:05:41 (3750 turns).

Aksej the Cudgeller (Demonspawn Monk)               Turns: 3750, Time: 00:05:42

HP:   0/41 (49)     AC: 14    Str:  9 (11) XL:     6   Next: 50%
MP:   6/6           EV:  9    Int:  8 (11) God:
Gold: 165           SH:  0    Dex: 17 (18) Spells: 5/5 levels left

rFire   . . .      SeeInvis +   a - +1 mace
rCold   . . .      Faith    .   (no shield)
rNeg    . . .      Spirit   .   d - +5 scale mail {rPois}
rPois   +          Reflect  .   (no helmet)
rElec   .          Harm     .   j - +2 cloak
rCorr   .          Rampage  .   (no gloves)
Will    .....                   (no boots)
Stlth   +.........              (no amulet)
HPRegen 0.13/turn               e - ring of see invisible
MPRegen 0.10/turn               (no ring)

@: heavily drained
A: ignite blood 1, powered by pain 1
a: no special abilities


You were on level 4 of the Dungeon.
You visited 1 branch of the dungeon, and saw 4 of its levels.

You collected 165 gold pieces.

Inventory:

Hand Weapons
 a - a +1 mace (weapon)
Armour
 d - a +5 scale mail of poison resistance (worn)
 j - a +2 cloak (worn)
Jewellery
 e - a ring of see invisible (left hand)
Scrolls
 b - a scroll of magic mapping {unknown}
 g - a scroll of teleportation {unknown}
Potions
 c - a potion of lignification
 f - 2 potions of curing
 i - a potion of might {unknown}


   Skills:
 * Level 4.6 Fighting
 + Level 4.9 Maces & Flails
 + Level 1.3 Armour
 + Level 3.5 Dodging
 + Level 2.2 Stealth


You had 5 spell levels left.
You didn't know any spells.
Your spell library was empty.

Dungeon Overview and Level Annotations

Branches:
Dungeon (4/15)
 Temple: D:4-7

Altars:
Wu Jian

Annotations:
D:4 Dowan, Duvessa


Innate Abilities, Weirdness & Mutations

Your demonic aura sometimes causes spilled blood to erupt in flames.
You sometimes gain a little power by taking damage.


Message History

Duvessa is engulfed in blazing flames.
Duvessa hits you with a +3 rapier of venom.
You closely miss Duvessa.
Duvessa is heavily wounded.
Dowan gestures at you while chanting. The puff of flame hits you.
Duvessa is engulfed in blazing flames.
Duvessa hits you but does no damage.
You hit Duvessa but do no damage.
Duvessa is severely wounded.
Dowan casts a spell at you.
The puff of frost hits you but does no damage.
Duvessa closely misses you.
You hit Duvessa.
Duvessa is almost dead.
Dowan hits you but does no damage.
You feel drained. Duvessa barely misses you. Dowan casts a spell at you.
The puff of flame hits you!
You hit Duvessa but do no damage.
Duvessa is almost dead.
Duvessa hits you with a +3 rapier of venom.
Dowan points at Duvessa and mumbles some strange words.
Duvessa seems to speed up.
Duvessa closely misses you.
You barely miss Duvessa. You punch Duvessa, but do no damage.
Duvessa is almost dead.
Duvessa hits you with a +3 rapier of venom!
* * * LOW HITPOINT WARNING * * *
Dowan hits you but does no damage.
You feel drained.
You hit Duvessa but do no damage.
Duvessa is almost dead.
Duvessa completely misses you.
Duvessa hits you with a +3 rapier of venom.
* * * LOW HITPOINT WARNING * * *
Dowan hits you but does no damage.
You feel drained.
It was a potion of degeneration.
There was something very wrong with that liquid.
You feel weakened.
You feel dopey.
You feel clumsy.
Duvessa hits you with a +3 rapier of venom.
* * * LOW HITPOINT WARNING * * *
Dowan hits you with a +0 dagger of draining.
You die...

#..... +..... ####.....
........#### #.....#
........#..+ #.....+ #..
........#..# #.....# ...
........#..##+##.....# ..
........##e##..#.....# #.
..........@e#..+.....#####.
...#####....#..#.....#..#..
# #...'....#..#...†.#..#..
#....#....#..#.....'.)'..
#....#....'..'.....#..#..
######....#.##.....#..##.
#.....#######....#######.
#.....# #....#....##.
+.....# #....#....##.


You could see Duvessa (fast) and Dowan.

Vanquished Creatures
  An ogre (D:3)
  A black bear (D:4)
  An iguana (D:4)
  Natasha (D:3)
  2 orc wizards (D:3)
  3 adders
  A worm (D:2)
  3 dart slugs
  3 orcs (D:3)
  9 ball pythons
  5 bats
  12 endoplasms
  3 giant cockroaches
  9 goblins
  8 hobgoblins
  A quokka (D:3)
  3 frilled lizards
  3 kobolds
  8 rats
77 creatures vanquished.

Vanquished Creatures (others)
  A plant (D:1)
1 creature vanquished.

Grand Total: 78 creatures vanquished

Notes
Turn   | Place    | Note
-------+----------+-------------------------------------------
     0 | D:1      | Aksej the Demonspawn Monk began the quest for the Orb.
     0 | D:1      | Reached XP level 1. HP: 18/18 MP: 1/1
   274 | D:1      | Gained mutation: Your demonic aura sometimes causes spilled
                  | blood to erupt in flames. [demonic ancestry]
   274 | D:1      | Reached XP level 2. HP: 24/24 MP: 2/2
   855 | D:1      | Found a faded altar of an unknown god.
  1561 | D:1      | Gained mutation: You sometimes gain a little power by
                  | taking damage. [demonic ancestry]
  1561 | D:1      | Reached XP level 3. HP: 29/29 MP: 3/3
  2440 | D:3      | Reached XP level 4. HP: 27/37 MP: 4/4
  2855 | D:3      | Reached XP level 5. HP: 41/42 MP: 5/5
  3135 | D:3      | Noticed an ogre
  3143 | D:3      | Killed an ogre
  3144 | D:3      | Reached skill level 1 in Armour
  3324 | D:3      | Noticed Natasha
  3331 | D:3      | Killed Natasha
  3364 | D:3      | Reached XP level 6. HP: 49/49 MP: 6/6
  3415 | D:3      | Found an ornate altar of the Wu Jian Council.
  3738 | D:4      | Noticed Duvessa
  3738 | D:4      | Noticed Dowan
  3749 | D:4      | HP: 2/42 [Duvessa/+3 rapier of venom (5)]
  3750 | D:4      | Slain by Dowan

Illustrated notes

Levels and vault maps discovered:
D:1:      erik_arrival_cave_to_civilisation [erik_arrival_cave_to_hall],
          layout_basic, shapermc_ecumenical_altar_ellora
D:2:      layout_basic, minmay_ruptured
D:3:      minmay_evil_eye, layout_basic, lemuel_tele_altar, corner_web_ring,
          uniq_natasha
D:4:      layout_gridville, serial_shops, nicolae_shop_overgrown_old_shop,
          nicolae_shop_window_shopping, shop, nicolae_shop_behind_doors,
          nicolae_shop_window_shopping, uniq_duvessa

Skill      XL: |  1  2  3  4  5 |
---------------+----------------+-----
Dodging        | 3 |  3.5
Maces & Flails | 3 4 |  4.9
Stealth        | 2 |  2.2
Fighting       | 4 |  4.6
Armour         | 1 |  1.3

Action                   |  1- 3 |  4- 6 || total
-------------------------+-------+-------++-------
Melee: Mace              |   131 |   113 ||   244
       Punch             |     3 |     1 ||     4
  Use: Scroll            |     9 |       ||     9
       Potion            |       |     1 ||     1
 Stab: Sleeping          |     9 |       ||     9
Armor: Robe              |    17 |       ||    17
       Scale mail        |    31 |    68 ||    99
Dodge: Dodged            |    71 |    64 ||   135

Table legend: (Time is in decaauts)
 A = Elapsed time spent in this place.
 B = Non-inter-level travel time spent in this place.
 C = Inter-level travel time spent in this place.
 D = Time resting spent in this place.
 E = Time spent auto-exploring this place.
 F = Levels seen in this place.
 G = Mean time per level.
                   A        B        C        D        E       F      G
               +--------+--------+--------+--------+--------+-----+--------+
         Total |   3801 |   3742 |     59 |      0 |   3133 |   4 |  950.2 |
       Dungeon |   3801 |   3742 |     59 |      0 |   3133 |   4 |  950.2 |
               +--------+--------+--------+--------+--------+-----+--------+

Top non-repeatable levels by time:
     D:1: 1655 daAuts
     D:3: 1177 daAuts
     D:2: 765 daAuts
     D:4: 204 daAuts
